 Dungeon Crawl Stone Soup version 0.22.0-18-ge075c0de6d (webtiles) character file.

1503 Crag the Grasshopper (level 8, -10/64 HPs)
             Began as a Gnoll Warper on Aug 19, 2018.
             Mangled by a yak (16 damage)
             ... on level 5 of the Dungeon.
             The game lasted 00:29:37 (6880 turns).

Crag the Grasshopper (Gnoll Warper)                 Turns: 6880, Time: 00:29:38

Health: -10/64     AC:  4    Str: 16    XL:     8   Next: 82%
Magic:  5/17       EV: 15    Int: 20    God:
Gold:   338        SH:  0    Dex: 15    Spells: 13/19 levels left

rFire    . . .     SeeInvis .   p - +3 spear
rCold    . . .     Gourm    .   (no shield)
rNeg     . . .     Faith    .   x - +2 robe {Archmagi}
rPois    .         Spirit   .   (no helmet)
rElec    .         Reflect  .   (no cloak)
rCorr    .         Harm     .   (no gloves)
MR       +....                  (no boots)
Stlth    ++........             A - amulet of magic regeneration
HPRegen  0.20/turn              k - ring of protection from magic
MPRegen  0.40/turn              (no ring)

@: brilliant, very slightly contaminated, invisible
A: distributed training, fangs 1, strong nose
a: no special abilities


You were on level 5 of the Dungeon.
You were hungry.

You visited 1 branch of the dungeon, and saw 6 of its levels.

You collected 338 gold pieces.

Inventory:

Hand Weapons
 a - a +0 spear
 n - a +2 dagger of protection
 p - a +3 spear (weapon)
 w - a +0 arbalest
Missiles
 c - 4 tomahawks (quivered)
 e - 7 tomahawks of dispersal
 g - 84 stones
 h - 24 bolts
 r - 38 arrows
 y - 9 poisoned needles
Armour
 b - a +0 leather armour
 s - a +0 shield
 x - a +2 robe of the Archmagi (worn)
Magical Staves
 o - an uncursed staff of energy {unknown}
Jewellery
 k - a ring of protection from magic (left hand)
 A - an amulet of magic regeneration (around neck)
Wands
 q - a wand of paralysis (8)
 v - a wand of polymorph (20)
Scrolls
 d - a scroll of blinking
 i - a scroll of amnesia
 l - a scroll of magic mapping
 B - a scroll of immolation {unknown}
 C - a scroll of teleportation {unknown}
Potions
 m - a potion of invisibility
 u - a potion of curing
Comestibles
 f - 15 rations
 D - 3 chunks of flesh


   Skills:
 + Level 5.8 Fighting
 + Level 3.5 Short Blades
 + Level 3.5 Long Blades
 + Level 3.5 Axes
 + Level 3.5 Maces & Flails
 + Level 5.8 Polearms
 + Level 3.5 Staves
 + Level 3.5 Slings
 + Level 3.5 Bows
 + Level 3.5 Crossbows
 + Level 4.4 Throwing
 + Level 4.4 Armour
 + Level 5.8 Dodging
 + Level 3.5 Stealth
 + Level 3.5 Shields
 + Level 3.5 Unarmed Combat
 + Level 6.2 Spellcasting
 + Level 2.9 Conjurations
 + Level 2.9 Hexes
 + Level 2.9 Charms
 + Level 2.9 Summonings
 + Level 2.9 Necromancy
 + Level 6.2 Translocations
 + Level 2.9 Transmutations
 + Level 2.9 Fire Magic
 + Level 2.9 Ice Magic
 + Level 2.9 Air Magic
 + Level 2.9 Earth Magic
 + Level 2.9 Poison Magic
 + Level 3.9 Invocations
 + Level 3.5 Evocations


You had 13 spell levels left.
You knew the following spells:

 Your Spells              Type           Power        Failure   Level  Hunger
a - Gell's Gravitas       Tloc           ######....   1%          3    ##.....
b - Lesser Beckoning      Tloc           ######....   1%          3    ##.....

Your spell library contained the following spells:

 Spells                   Type           Power        Failure   Level  Hunger
 Beastly Appendage        Tmut           #####.       1%          1    None
 Blink                    Tloc           N/A          1%          2    None
 Shroud of Golubria       Chrm/Tloc      ######....   1%          2    None
 Sticks to Snakes         Tmut           #####...     1%          2    None
 Spider Form              Tmut/Pois      #####.....   1%          3    ##.....
 Teleport Other           Tloc           ######..     1%          3    ##.....
 Passage of Golubria      Tloc           N/A          1%          4    ####...
 Ice Form                 Ice/Tmut       #####...     3%          4    ####...
 Blade Hands              Tmut           #####.....   10%         5    #####..


Dungeon Overview and Level Annotations

Branches:
Dungeon (6/15)
 Temple: D:4-7

Altars:
Sif Muna
Trog
Uskayaw
Yredelemnul

Shops:
D:5 (*!}


Innate Abilities, Weirdness & Mutations

Your experience applies equally to all skills.
You have very sharp teeth.
Your uncanny sense of smell can sniff out nearby items.


Message History

Throwing (i - inventory. (/) - cycle)
j - 2 javelins (quivered)
Press: ? - help, Shift-Dir - straight line, f - yak
Aim: a yak (moderately wounded, fleeing)
You throw a javelin. The javelin hits the yak.
Your attack snaps the yak out of its fear.
The yak is heavily wounded.
Throwing (i - inventory. (/) - cycle)
j - a javelin (quivered)
Press: ? - help, Shift-Dir - straight line, f/p - yak
Aim: a yak (heavily wounded)
You throw a javelin. The javelin barely misses the yak.
It was a potion of brilliance.
You feel clever all of a sudden. The yak gores you!
* * * LOW HITPOINT WARNING * * *
You fade into invisibility!
The yak barely misses you.
You hit the yak.
The yak is heavily wounded.
The yak gores you!
You die...

#...###.......# #.....
#...# #.......# #.....
#≈≈≈# #.......# #.....
#.>)# #.......# #.>...
##### #......(# #...∩.
###.......#######.....
#.'...>....)......####
#.#...Y....#########
#.#..@.............#
#.#................#
#.########.........###
#.########............
##........#..........##
#...#####.#..........#.
#...# #.#..........#.
#####...#####.#.########...
#...'...'.....#.# ###.


You could see a yak.

Vanquished Creatures
  Sigmund (D:3)
  A sky beast (D:3)
  2 ogres (D:5)
  2 bullfrogs (D:4)
  A scorpion (D:5)
  3 orc wizards (D:5)
  8 orc priests
  A hound (D:5)
  A centaur skeleton (D:5)
  A gnoll shaman (D:5)
  Jessica (D:2)
  An iguana (D:5)
  6 worker ants
  8 gnolls (D:5)
  7 adders
  2 oozes
  3 worms
  2 dart slugs
  6 leopard geckos
  28 orcs
  2 ball pythons
  3 bats (D:1)
  8 giant cockroaches
  12 goblins
  7 hobgoblins
  8 jackals
  3 quokkas
  5 frilled lizards
  A jackal zombie (D:6)
  6 kobolds
  A quokka skeleton (D:3)
  7 rats
148 creatures vanquished.

Notes
Turn   | Place    | Note
-------+----------+-------------------------------------------
     0 | D:1      | Crag the Gnoll Warper began the quest for the Orb.
     0 | D:1      | Reached XP level 1. HP: 20/20 MP: 6/6
   259 | D:1      | Reached XP level 2. HP: 26/26 MP: 7/7
   812 | D:1      | Reached XP level 3. HP: 29/31 MP: 9/9
   867 | D:1      | Learned a level 3 spell: Gell's Gravitas
   871 | D:1      | Learned a level 3 spell: Lesser Beckoning
   882 | D:1      | Reached skill level 5 in Spellcasting
  1573 | D:2      | Reached skill level 1 in Invocations
  1913 | D:2      | Reached skill level 1 in Short Blades
  1913 | D:2      | Reached skill level 1 in Long Blades
  1913 | D:2      | Reached skill level 1 in Axes
  1913 | D:2      | Reached skill level 1 in Maces & Flails
  1913 | D:2      | Reached skill level 1 in Staves
  1913 | D:2      | Reached skill level 1 in Slings
  1913 | D:2      | Reached skill level 1 in Bows
  1913 | D:2      | Reached skill level 1 in Crossbows
  1913 | D:2      | Reached skill level 1 in Stealth
  1913 | D:2      | Reached skill level 1 in Shields
  1913 | D:2      | Reached skill level 1 in Unarmed Combat
  1913 | D:2      | Reached skill level 1 in Evocations
  1994 | D:2      | Reached XP level 4. HP: 31/38 MP: 11/11
  2231 | D:2      | Noticed Jessica
  2236 | D:2      | Killed Jessica
  2237 | D:2      | Reached skill level 1 in Conjurations
  2237 | D:2      | Reached skill level 1 in Hexes
  2237 | D:2      | Reached skill level 1 in Charms
  2237 | D:2      | Reached skill level 1 in Summonings
  2237 | D:2      | Reached skill level 1 in Necromancy
  2237 | D:2      | Reached skill level 1 in Transmutations
  2237 | D:2      | Reached skill level 1 in Fire Magic
  2237 | D:2      | Reached skill level 1 in Ice Magic
  2237 | D:2      | Reached skill level 1 in Air Magic
  2237 | D:2      | Reached skill level 1 in Earth Magic
  2237 | D:2      | Reached skill level 1 in Poison Magic
  2480 | D:3      | Noticed a sky beast
  2597 | D:4      | Found a basalt altar of Yredelemnul.
  2612 | D:4      | Reached XP level 5. HP: 43/43 MP: 12/12
  2678 | D:3      | Noticed Sigmund
  2945 | D:4      | Reached XP level 6. HP: 31/50 MP: 1/13
  2969 | D:4      | Reached skill level 5 in Fighting
  2969 | D:4      | Reached skill level 5 in Polearms
  2969 | D:4      | Reached skill level 5 in Dodging
  3346 | D:4      | Reached XP level 7. HP: 56/56 MP: 2/15
  3990 | D:3      | Found a hide-covered altar of Uskayaw.
  4042 | D:3      | Killed Sigmund
  4976 | D:5      | Entered Level 5 of the Dungeon
  5006 | D:5      | Found Pahal's General Store.
  5011 | D:5      | Reached XP level 8. HP: 63/63 MP: 16/16
  5094 | D:5      | Found Lyxzayn's Distillery.
  5164 | D:5      | Found Doiceosk's Antique Weapon Shop.
  5439 | D:5      | Found a deep blue altar of Sif Muna.
  5937 | D:5      | Found a bloodstained altar of Trog.
  5984 | D:5      | Found Puntea Ekoa's Gadget Shoppe.
  6847 | D:6      | Noticed a yak
  6847 | D:6      | Noticed a yak
  6849 | D:6      | Noticed a yak
  6853 | D:6      | Noticed a yak
  6854 | D:6      | Noticed a yak
  6880 | D:5      | Mangled by a yak

Skill      XL: |  1  2  3  4  5  6  7  8 |
---------------+-------------------------+-----
Spellcasting   | 5 6 |  6.2
Invocations    | 1 2 3 |  3.9
Short Blades   | 1 2 3 |  3.5
Long Blades    | 1 2 3 |  3.5
Axes           | 1 2 3 |  3.5
Maces & Flails | 1 2 3 |  3.5
Staves         | 1 2 3 |  3.5
Slings         | 1 2 3 |  3.5
Bows           | 1 2 3 |  3.5
Crossbows      | 1 2 3 |  3.5
Stealth        | 1 2 3 |  3.5
Shields        | 1 2 3 |  3.5
Unarmed Combat | 1 2 3 |  3.5
Evocations     | 1 2 3 |  3.5
Conjurations   | 1 2 |  2.9
Hexes          | 1 2 |  2.9
Charms         | 1 2 |  2.9
Summonings     | 1 2 |  2.9
Necromancy     | 1 2 |  2.9
Transmutations | 1 2 |  2.9
Fire Magic     | 1 2 |  2.9
Ice Magic      | 1 2 |  2.9
Air Magic      | 1 2 |  2.9
Earth Magic    | 1 2 |  2.9
Poison Magic   | 1 2 |  2.9
Throwing       | 3 4 |  4.4
Armour         | 3 4 |  4.4
Fighting       | 5 |  5.8
Polearms       | 5 |  5.8
Dodging        | 5 |  5.8
Translocations | 6 |  6.2

Action                   |  1- 3 |  4- 6 |  7- 9 || total
-------------------------+-------+-------+-------++-------
Melee: Spear             |   129 |    61 |   314 ||   504
       Bite              |    15 |     6 |    25 ||    46
       Punch             |     1 |     1 |     6 ||     8
Throw: Stone             |     4 |     4 |     3 ||    11
       Javelin           |       |     2 |     2 ||     4
 Cast: Gell's Gravitas   |     2 |    11 |    29 ||    42
  Use: Scroll            |     2 |     3 |     2 ||     7
       Potion            |     2 |     3 |     4 ||     9
 Stab: Sleeping          |     3 |     3 |     5 ||    11
  Eat: Chunk             |     4 |     4 |    13 ||    21
Armor: Leather armour    |    17 |     6 |     3 ||    26
       Robe              |       |       |    25 ||    25
Dodge: Dodged            |    57 |    24 |   137 ||   218
